 Dungeon Crawl Stone Soup version 0.31-a0-544-gceb718ecc6 (webtiles) character file.

Game seed: 13725014125532621844

873 Shayle the Trooper (level 8, 0/84 HPs)
             Began as an Ogre Shapeshifter on Aug 15, 2023.
             Slain by a quokka (4 damage)
             ... on level 4 of the Dungeon.
             The game lasted 00:07:37 (3532 turns).

Shayle the Trooper (Ogre Shapeshifter)              Turns: 3532, Time: 00:07:37

Health: 0/84       AC:  3    Str: 20    XL:     8   Next: 4%
Magic:  13/15      EV:  9    Int: 11    God:
Gold:   203        SH:  0    Dex:  9    Spells: 17/17 levels left

rFire   . . .        m - +2 dagger (venom)
rCold   + . .        (no shield)
rNeg    . . .        a - +0 animal skin
rPois   .            (helmet currently unavailable)
rElec   .            (cloak currently unavailable)
rCorr   .            (gloves unavailable)
SInv    .            (boots unavailable)
Will    .....        (no amulet)
Stlth   +            p - ring of protection from cold
HPRegen 0.34/turn    (no ring)
MPRegen 0.14/turn

%: no passive effects
@: beast-form
A: beast (slay +2), large, unfitting armour, tough skin 1
a: Begin Untransformation


You were on level 4 of the Dungeon.
You were a hulking beast.
You visited 1 branch of the dungeon, and saw 4 of its levels.

You collected 203 gold pieces.

Inventory:

Hand Weapons
 m - a +2 dagger of venom (weapon)
Missiles
 v - a throwing net
Armour
 a - a +0 animal skin (worn)
Jewellery
 p - a ring of protection from cold (left hand)
 r - a ring of ice
Talismans
 c - a beast talisman (active)
 d - a flux talisman
Scrolls
 b - 3 scrolls of identify {unknown}
 f - 2 scrolls of fear {unknown}
 g - 2 scrolls of revelation {unknown}
 h - 3 scrolls of torment {unknown}
 j - a scroll of vulnerability {unknown}
 l - 4 scrolls of poison {unknown}
 q - a scroll of acquirement {unknown}
 t - a scroll of teleportation {unknown}
Potions
 e - a potion of cancellation {unknown}
 i - 2 potions of mutation {unknown}
 k - a potion of heal wounds {unknown}
 n - 2 potions of curing {unknown}
 o - a potion of brilliance {unknown}
 s - a potion of lignification
 u - a potion of might {unknown}


   Skills:
 + Level 6.7 Fighting
 - Level 1.7 Dodging
 + Level 5.3 Unarmed Combat
 + Level 5.3 Spellcasting
 - Level 3.0 Shapeshifting


You had 17 spell levels left.
You didn't know any spells.
Your spell library contained the following spells:

 Spells                   Type           Power      Damage    Failure   Level
 Magic Dart               Conj           8%         1d3       22%         1
 Call Imp                 Summ           4%         N/A       32%         2
 Mephitic Cloud           Conj/Pois/Air  2%         N/A       54%         3
 Chain Lightning          Conj/Air       1%         3d1       100%        9
 Fire Storm               Conj/Fire      1%         7d1       100%        9
 Shatter                  Erth           1%         3d5*      100%        9


Dungeon Overview and Level Annotations

Branches:
Dungeon (4/15)
 Temple: D:4-7

Altars:


Innate Abilities, Weirdness & Mutations

You are a hulking beast.
Your limbs bulge with bestial killing power. (Slay +2)
You are too large for most types of armour.
You have tough skin. (AC +1)


Message History

Pikel hits you with a +0 whip of electrocution.
You hit Pikel but do no damage.
Pikel is moderately wounded.
Pikel hits you with a +0 whip of electrocution!
You hit Pikel but do no damage.
Pikel is heavily wounded.
Pikel hits you with a +0 whip of electrocution.
You hit Pikel but do no damage.
Pikel looks as sick as possible!
Pikel is severely wounded.
Pikel hits you but does no damage.
You hit Pikel.
Pikel looks as sick as possible!
Pikel is severely wounded.
Pikel hits you with a +0 whip of electrocution.
You closely miss Pikel.
Pikel is almost dead.
The quokka twitches its whiskers.
Pikel hits you with a +0 whip of electrocution!
* * * LOW HITPOINT WARNING * * *
You are electrocuted!
* * * LOW HITPOINT WARNING * * *
Okay, then.
Pikel attacks as you move away!
Pikel hits you with a +0 whip of electrocution.
* * * LOW HITPOINT WARNING * * *
Pikel attacks as you move away! Pikel barely misses you.
Pikel cracks his whip.
You kill Pikel!
With Pikel's spell broken, his former minions thank you for their freedom.
The lemure departs this earthly plane. x2
Your Fighting skill increases to level 6!
Your Unarmed Combat skill increases to level 5!
Your Spellcasting skill increases to level 5!
You have reached level 8!
The quokka bites you.
* * * LOW HITPOINT WARNING * * *
Things that are here:
a +0 whip of electrocution; a +0 robe; the kobold corpse of Pikel You closely miss the quokka.
The quokka barely misses you.
You completely miss the quokka. The quokka bites you.
You die...

#.#######.#
#....#....#
##.#.#.#.#
#...#.[.#
###...#
##ยง## ##.#
#r.# #h##
#.# #.# #.#
#.# ..# ###


You could see a quokka.

Vanquished Creatures
  Pikel (D:4)
  Sigmund (D:2)
  A centaur (D:3)
  A lemure (D:4)
  A hound (D:4)
  7 gnolls
  4 adders
  3 dart slugs (D:3)
  5 orcs (D:4)
  8 bats
  9 endoplasms
  3 giant cockroaches (D:1)
  5 goblins
  6 hobgoblins
  4 jackals (D:2)
  8 kobolds
  A quokka (D:3)
  2 ball pythons
  6 frilled lizards
  3 rats
79 creatures vanquished.

Notes
Turn   | Place    | Note
-------+----------+-------------------------------------------
     0 | D:1      | Shayle the Ogre Shapeshifter began the quest for the Orb.
     0 | D:1      | Reached XP level 1. HP: 19/19 MP: 1/1
    51 | D:1      | Found a faded altar of an unknown god.
   170 | D:1      | Reached XP level 2. HP: 23/28 MP: 1/3
   172 | D:1      | Reached skill level 2 in Fighting
   175 | D:1      | Reached skill level 1 in Spellcasting
   673 | D:1      | Reached XP level 3. HP: 35/36 MP: 5/5
   939 | D:2      | Noticed Sigmund
   965 | D:2      | Killed Sigmund
   966 | D:2      | Reached skill level 4 in Fighting
   966 | D:2      | Reached XP level 4. HP: 33/48 MP: 5/8
   966 | D:2      | Reached XP level 5. HP: 37/54 MP: 5/9
  1584 | D:2      | Reached XP level 6. HP: 18/63 MP: 9/11
  2228 | D:3      | Reached skill level 5 in Fighting
  3303 | D:4      | Reached XP level 7. HP: 46/72 MP: 13/13
  3512 | D:4      | Noticed Pikel
  3528 | D:4      | Killed Pikel
  3529 | D:4      | Reached skill level 6 in Fighting
  3529 | D:4      | Reached skill level 5 in Unarmed Combat
  3529 | D:4      | Reached skill level 5 in Spellcasting
  3529 | D:4      | Reached XP level 8. HP: 6/84 MP: 13/15
  3530 | D:4      | HP: 3/84 [quokka (4)]
  3532 | D:4      | Slain by a quokka

Illustrated notes

Levels and vault maps discovered:
D:1:      zaba_arrival_water, layout_basic, basic_ecumenical_altar
D:2:      layout_loops_corners, minmay_tree_intersection, nicolae_grassy_gnolls,
          uniq_sigmund
D:3:      layout_basic
D:4:      layout_loops_cross, uniq_pikel

Skill      XL: |  1  2  3  4  5  6  7 |
---------------+----------------------+-----
Fighting       | 2 4 5 6 |  6.7
Spellcasting   | 1 3 4 5 |  5.3
Unarmed Combat | 3 4 5 |  5.3
Dodging        | |  1.7
Shapeshifting  | |  3.0

Action                     |  1- 3 |  4- 6 |  7- 9 || total
---------------------------+-------+-------+-------++-------
  Melee: Unarmed           |    47 |       |       ||    47
         Punch             |     1 |     8 |       ||     9
         Dagger            |    18 |   149 |    36 ||   203
    Use: Potion            |     1 |       |       ||     1
 Armour: Animal skin       |    19 |    39 |     5 ||    63
         Skin              |     8 |       |       ||     8
  Dodge: Dodged            |    17 |    89 |    11 ||   117

Table legend: (Time is in decaauts)
 A = Elapsed time spent in this place.
 B = Non-inter-level travel time spent in this place.
 C = Inter-level travel time spent in this place.
 D = Time resting spent in this place.
 E = Time spent auto-exploring this place.
 F = Levels seen in this place.
 G = Mean time per level.
                   A        B        C        D        E       F      G
               +--------+--------+--------+--------+--------+-----+--------+
         Total |   3531 |   3403 |    128 |    741 |   1899 |   4 |  882.8 |
       Dungeon |   3531 |   3403 |    128 |    741 |   1899 |   4 |  882.8 |
               +--------+--------+--------+--------+--------+-----+--------+

Top non-repeatable levels by time:
     D:2: 1312 daAuts
     D:3: 939 daAuts
     D:1: 899 daAuts
     D:4: 379 daAuts
